 Dungeon Crawl Stone Soup version 0.30-a0-263-ge22c4ad894 (webtiles) character file.

Game seed: 11943915659603156370

1016 mopl the Sneak (level 8, 0/52 HPs)
             Began as an Octopode Cinder Acolyte on Oct 13, 2022.
             Was a High Priest of Ignis.
             Slain by an orc
             ... wielding a +0 short sword
              (1 damage)
             ... while paralysed by a hornet
             ... on level 7 of the Dungeon.
             The game lasted 00:08:52 (5936 turns).

mopl the Sneak (Octopode Cinder Acolyte)            Turns: 5936, Time: 00:08:52

Health: 0/52       AC:  1    Str: 13    XL:     8   Next: 21%
Magic:  23/23      EV:  2    Int: 18    God:    Ignis [*****.]
Gold:   335        SH:  0    Dex:  8    Spells: 10/15 levels left

rFire   + . .      SeeInvis +    a - +0 rapier (elec)
rCold   + . .      Faith    .    (no shield)
rNeg    . . .      Spirit   .    C - +0 hat
rPois   .          Reflect  .    (no amulet)
rElec   .          Harm     .    e - ring of flight
rCorr   .          Rampage  .    r - ring of magical power
Will    .....                    B - ring of protection from cold
Stlth   ++++......               E - ring of see invisible
HPRegen 0.28/turn                (no ring)
MPRegen 0.18/turn                (no ring)
                                 (no ring)
                                 (no ring)

@: paralysed, lethally poisoned (0 -> -7), flying, slowed
A: almost no armour, amphibious, 8 rings, camouflage 1, gelatinous body 1,
(nimble swimmer 1), tentacles
a: Renounce Religion, Fiery Armour, Foxfire Swarm, Rising Flame


You were on level 7 of the Dungeon.
You worshipped Ignis.
Ignis was extremely pleased with you.
You visited 1 branch of the dungeon, and saw 7 of its levels.

You collected 335 gold pieces.

Inventory:

Hand Weapons
 a - a +0 rapier of electrocution (weapon)
 b - a +0 dagger
 g - a -1 falchion of flaming
Missiles
 y - 11 poisoned darts (quivered)
 z - a throwing net
Armour
 C - a +0 hat (worn)
Jewellery
 e - a ring of flight (left tentacle)
 r - a ring of magical power (right tentacle)
 B - a ring of protection from cold (on tentacle)
 E - a ring of see invisible (on tentacle)
Scrolls
 c - a scroll of brand weapon {unknown}
 d - 2 scrolls of teleportation {unknown}
 f - 3 scrolls of identify {unknown}
 i - 3 scrolls of silence {unknown}
 j - 2 scrolls of poison {unknown}
 l - a scroll of enchant weapon {unknown}
 n - a scroll of summoning {unknown}
 o - 2 scrolls of blinking {unknown}
 q - 2 scrolls of butterflies {unknown}
 v - 3 scrolls of fear {unknown}
Potions
 h - a potion of lignification {unknown}
 k - 2 potions of invisibility {unknown}
 m - a potion of brilliance {unknown}
 p - a potion of attraction {unknown}
 s - 2 potions of degeneration {unknown}
 t - 4 potions of curing {unknown}
 u - 3 potions of heal wounds {unknown}
 w - a potion of magic {unknown}
 x - 3 potions of cancellation {unknown}
 A - 2 potions of might {unknown}
 D - a potion of berserk rage {unknown}


   Skills:
 - Level 3.0 Fighting
 - Level 4.3 Long Blades
 + Level 6.4 Stealth
 + Level 4.2 Spellcasting
 + Level 4.4 Hexes
 - Level 3.0 Fire Magic
 - Level 3.0 Ice Magic


You had 10 spell levels left.
You knew the following spells:

 Your Spells              Type           Power      Damage    Failure   Level
b - Ensorcelled Hibernat  Hex/Ice        34%        N/A       4%          2
d - Tukima's Dance        Hex            19%        N/A       7%          3

Your spell library contained the following spells:

 Spells                   Type           Power      Damage    Failure   Level
 Freeze                   Ice            56%        1d7       4%          1
 Scorch                   Fire           28%        2d6       6%          2
 Frozen Ramparts          Ice            28%        1d5       13%         3
 Beastly Appendage        Tmut           6%         N/A       14%         1
 Sandblast                Erth           6%         2d5       14%         1
 Dazzling Flash           Conj/Hex       22%        N/A       17%         3
 Passwall                 Tmut/Erth      2%         N/A       22%         2
 Sublimation of Blood     Necr           3%         N/A       22%         2
 Wereblood                Tmut           3%         N/A       22%         2
 Hailstorm                Conj/Ice       9%         3d4       24%         3
 Spider Form              Tmut/Pois      3%         N/A       41%         3
 Stone Arrow              Conj/Erth      6%         3d7       41%         3
 Swiftness                Air            3%         N/A       41%         3
 Passage of Golubria      Tloc           3%         N/A       82%         4
 Petrify                  Tmut/Erth      3%         N/A       82%         4
 Silence                  Hex/Air        5%         N/A       85%         5
 Yara's Violent Unravell  Hex/Tmut       5%         3d4       85%         5
 Agony                    Necr           3%         N/A       99%         5
 Irradiate                Conj/Tmut      1%         3d12      99%         5


Dungeon Overview and Level Annotations

Branches:
Dungeon (7/15)             Temple (0/1) D:5

Altars:
Makhleb
Yredelemnul


Innate Abilities, Weirdness & Mutations

You cannot wear most types of armour.
You are amphibious.
You can wear up to eight rings at the same time.
Your skin changes colour to match your surroundings (Stealth+).
Your rubbery body absorbs attacks. (AC +1, EV +1)
((You are camouflaged when in or above water. (Stealth+)))
You have tentacles for arms and can constrict up to eight enemies at once.


Message History

There is a stone staircase leading up here.
There are monsters nearby!
The helpless orc wizard fails to defend itself.
You puncture the orc wizard! Your grab misses the orc wizard.
Your squeeze misses the orc wizard.
The orc wizard is severely wounded.
The orc wizard gestures at you while chanting.
The magic dart hits you!
Unknown command.
You hit the orc wizard but do no damage.
Lightning courses through the orc wizard!
You kill the orc wizard!
Unknown command.
Things that are here:
a +2 dagger of draining; a +0 robe
Found a stone staircase leading down.
The helpless hornet fails to defend itself.
You impale the hornet!! Lightning courses through the hornet!
Your grab misses the hornet.
The hornet is almost dead.
The hornet closely misses you.
Unknown command.
You hit the hornet but do no damage. Your grab misses the hornet.
The hornet is almost dead.
The hornet stings you!
You are poisoned.
You feel yourself slow down. The hornet completely misses you.
The orc shouts!
Unknown command.
You hit the hornet but do no damage. Your grab misses the hornet.
Your tentacle-slap misses the hornet.
The hornet is almost dead.
You feel yourself speed up.
You feel very sick.
The orc shouts!
The hornet stings you!
You feel yourself slow down. The hornet misses you. The hornet stings you!!
* * * LOW HITPOINT WARNING * * *
You suddenly lose the ability to move!
The orc hits you with a +0 short sword.
You die...

... .... ...# .
#..# ..###..###
.....#...##
.........<##
.......o)..###.
.......@.o.....#
......y$../.....
#.[..............
##........##...##
##........ ..##
....######...#
..... .. . .>...
..


You could see a hornet and 2 orcs.

Vanquished Creatures
  Eustachio (D:6)
  Menkaure (D:6)
  A black bear (D:6)
  A centaur (D:6)
  2 necrophages
  A scorpion (D:6)
  An orc priest (D:6)
  4 hounds (D:5)
  2 iguanas (D:5)
  2 orc wizards
  Terence (D:2)
  3 adders
  A shadow imp (D:5)
  A white imp (D:5)
  5 worms
  2 dart slugs
  16 orcs
  5 bats
  3 endoplasms
  A giant cockroach (D:2)
  A goblin (D:2)
  6 hobgoblins
  9 jackals
  4 quokkas
  4 ball pythons
  7 kobolds
  3 rats
88 creatures vanquished.

Vanquished Creatures (others)
  A dancing weapon (D:6)
1 creature vanquished.

Grand Total: 89 creatures vanquished

Notes
Turn   | Place    | Note
-------+----------+-------------------------------------------
     0 | D:1      | mopl the Octopode Cinder Acolyte began the quest for the
                  | Orb.
     0 | D:1      | Reached XP level 1. HP: 16/16 MP: 2/2
   120 | D:1      | Reached XP level 2. HP: 21/21 MP: 3/3
  1028 | D:2      | Reached skill level 4 in Long Blades
  1153 | D:2      | Reached XP level 3. HP: 20/26 MP: 4/4
  1400 | D:2      | Learned a level 2 spell: Ensorcelled Hibernation
  1434 | D:2      | Noticed Terence
  1446 | D:2      | Killed Terence
  1447 | D:2      | Reached skill level 1 in Stealth
  1447 | D:2      | Reached XP level 4. HP: 16/31 MP: 5/5
  2185 | D:3      | Found a basalt altar of Yredelemnul.
  2267 | D:3      | Noticed a necrophage
  2274 | D:3      | Killed a necrophage
  2275 | D:3      | Reached skill level 2 in Stealth
  2275 | D:3      | Reached skill level 1 in Hexes
  2275 | D:3      | Reached skill level 1 in Ice Magic
  2275 | D:3      | Reached XP level 5. HP: 25/36 MP: 7/7
  2926 | D:4      | Found a burning altar of Makhleb.
  3190 | D:5      | Entered Level 5 of the Dungeon
  3214 | D:5      | Reached skill level 2 in Spellcasting
  3216 | D:5      | Reached skill level 3 in Stealth
  3216 | D:5      | Reached skill level 2 in Ice Magic
  3220 | D:5      | Reached skill level 2 in Hexes
  3220 | D:5      | Reached XP level 6. HP: 15/42 MP: 9/9
  3489 | D:5      | Identified the +7 flail of Revolt {vorpal, Int+3}
  3810 | D:5      | Reached skill level 4 in Stealth
  4044 | D:5      | Found a staircase to the Ecumenical Temple.
  4340 | D:5      | Learned a level 3 spell: Tukima's Dance
  4536 | D:6      | Reached skill level 3 in Spellcasting
  4695 | D:6      | Reached skill level 3 in Hexes
  4695 | D:6      | Reached XP level 7. HP: 23/46 MP: 11/11
  5013 | D:6      | Noticed Eustachio
  5357 | D:6      | Killed Eustachio
  5358 | D:6      | Reached skill level 5 in Stealth
  5398 | D:6      | Reached skill level 3 in Ice Magic
  5570 | D:6      | Reached skill level 6 in Stealth
  5570 | D:6      | Reached skill level 4 in Hexes
  5570 | D:6      | Reached XP level 8. HP: 36/52 MP: 13/13
  5779 | D:6      | Noticed Menkaure
  5793 | D:6      | Killed Menkaure
  5794 | D:6      | Reached skill level 4 in Spellcasting
  5929 | D:7      | Noticed a hornet
  5936 | D:7      | HP: 1/52 [hornet (18)]
  5936 | D:7      | Paralysed by a hornet for 2 turns
  5936 | D:7      | Slain by an orc

Illustrated notes

Levels and vault maps discovered:
D:1:      matt_arrival_spirals, layout_basic
D:2:      layout_basic, uniq_terence
D:3:      layout_basic, yredelemnul_altar_generic
D:4:      layout_loops_ring, mainiacjoe_overflow_24_doors
D:5:      layout_basic, minmay_temple_entry_nine_rooms, nicolae_zen_rock_garden
D:6:      layout_loops_ring, serial_rivers, chequers_serial_rivers_small_a,
          chequers_serial_rivers_room_a, chequers_serial_rivers_small_3,
          chequers_serial_rivers_small_a, uniq_menkaure, uniq_eustachio
D:7:      layout_rooms, mainiacjoe_overflow_alcove_2,
          grunt_temple_overflow_open, serial_shops, shop

Skill      XL: |  1  2  3  4  5  6  7  8 |
---------------+-------------------------+-----
Long Blades    | 4 |  4.3
Stealth        | 1 2 3 4 6 |  6.4
Hexes          | 1 2 3 4 |  4.4
Ice Magic      | 1 2 3 |  3.0
Spellcasting   | 2 3 4 |  4.2
Fighting       | |  3.0
Fire Magic     | |  3.0

Action                   |  1- 3 |  4- 6 |  7- 9 || total
-------------------------+-------+-------+-------++-------
Melee: Falchion          |    89 |   109 |       ||   198
       Constrict         |    20 |    34 |    11 ||    65
       Tentacles         |    16 |    39 |    15 ||    70
       Punch             |     1 |     5 |     1 ||     7
       Dagger            |       |    29 |    32 ||    61
       Rapier            |       |       |    25 ||    25
Throw: Dart              |       |       |     9 ||     9
 Cast: Ensorcelled Hiber |       |     5 |     7 ||    12
       Tukima's Dance    |       |       |     1 ||     1
  Use: Scroll            |       |       |     1 ||     1
 Stab: Sleeping          |     3 |     7 |     7 ||    17
       Distracted        |       |     1 |       ||     1
Armor: Skin              |    13 |     7 |     8 ||    28
Dodge: Dodged            |    66 |    73 |    72 ||   211

Table legend: (Time is in decaauts)
 A = Elapsed time spent in this place.
 B = Non-inter-level travel time spent in this place.
 C = Inter-level travel time spent in this place.
 D = Time resting spent in this place.
 E = Time spent auto-exploring this place.
 F = Levels seen in this place.
 G = Mean time per level.
                   A        B        C        D        E       F      G
               +--------+--------+--------+--------+--------+-----+--------+
         Total |   5943 |   5759 |    184 |    998 |   3871 |   7 |  849.0 |
       Dungeon |   5943 |   5759 |    184 |    998 |   3871 |   7 |  849.0 |
               +--------+--------+--------+--------+--------+-----+--------+

Top non-repeatable levels by time:
     D:6: 1399 daAuts
     D:5: 1336 daAuts
     D:2: 1003 daAuts
     D:1: 942 daAuts
     D:3: 693 daAuts
     D:4: 561 daAuts
     D:7: 7 daAuts
